 Dungeon Crawl Stone Soup version 0.29.1-debian-1-gc3f1650bb9 (webtiles) character file.

Game seed: 13130401229561252019

66 pokeman the Magician (level 3, -2/20 HPs)
             Began as a Deep Elf Hedge Wizard on Sept 12, 2022.
             Killed from afar by Ijyb (15 damage)
             ... with an iceblast
             ... on level 2 of the Dungeon.
             The game lasted 00:03:18 (2090 turns).

pokeman the Magician (Deep Elf Hedge Wizard)        Turns: 2090, Time: 00:03:18

Health: -2/20      AC:  3    Str:  7    XL:     3   Next: 96%
Magic:  2/11       EV: 12    Int: 20    God:
Gold:   63         SH:  0    Dex: 14    Spells: 4/12 levels left

rFire   . . .      SeeInvis .   j - +0 dagger (holy)
rCold   . . .      Faith    .   (no shield)
rNeg    . . .      Spirit   .   e - +0 leather armour
rPois   +          Reflect  .   c - +0 hat
rElec   .          Harm     .   (no cloak)
rCorr   .          Rampage  .   (no gloves)
Will    .....                   (no boots)
Stlth   ++........              (no amulet)
HPRegen 0.06/turn               k - ring of poison resistance
MPRegen 0.12/turn               (no ring)

@: very slightly contaminated
A: no striking features
a: no special abilities


You were on level 2 of the Dungeon.
You visited 1 branch of the dungeon, and saw 3 of its levels.

You collected 63 gold pieces.

Inventory:

Hand Weapons
 j - a +0 dagger of holy wrath (weapon)
 l - a +0 sling
Armour
 c - a +0 hat (worn)
 e - a +0 leather armour (worn)
Jewellery
 k - a ring of poison resistance (left hand)
Scrolls
 a - a scroll of teleportation {unknown}
 b - a scroll of poison {unknown}
 f - a scroll of amnesia {unknown}
 i - 2 scrolls of enchant armour {unknown}
Potions
 d - a potion of magic
 g - 2 potions of curing {unknown}
 h - a potion of resistance {unknown}


   Skills:
 - Level 1.0 Fighting
 - Level 1.0 Armour
 + Level 2.5 Dodging
 + Level 2.5 Stealth
 * Level 5.4 Spellcasting
 + Level 2.0 Conjurations
 - Level 1.1 Summonings
 - Level 1.1 Translocations


You had 4 spell levels left.
You knew the following spells:

 Your Spells              Type           Power      Damage    Failure   Level
a - Magic Dart            Conj           52%        1d5       7%          1
b - Mephitic Cloud        Conj/Pois/Air  8%         N/A       36%         3
c - Call Imp              Summ           9%         N/A       16%         2
d - Blink                 Tloc           18%        N/A       16%         2

Your spell library contained the following spells:

 Spells                   Type           Power      Damage    Failure   Level
 Slow                     Hex            20%        N/A       16%         1
 Cigotuvi's Dreadful Rot  Necr/Pois/Air  10%        N/A       24%         2
 Poisonous Vapours        Pois/Air       10%        N/A       24%         2


Dungeon Overview and Level Annotations

Branches:
Dungeon (3/15)

Altars:

Annotations:
D:2 Ijyb


Message History

You start resting.
HP restored.
You climb upwards.
Level annotation: Ijyb
There is a stone staircase leading down here.
Casting: Mephitic Cloud (astonishingly dangerous; 36% risk of failure)
Confirm with . or Enter, or press ? or * to list all spells.
The spell is astonishingly dangerous to miscast (36% risk of failure)!
Continue anyway?
Aiming: Mephitic Cloud (astonishingly dangerous; 36% risk of failure)
Press: ? - help, Shift-Dir - straight line, f - Ijyb
Aim: Ijyb, wielding a +0 club, wearing a +0 leather armour and carrying a wand of iceblast (9) (chance to affect: 86%)
You miscast Mephitic Cloud.
You are very lightly contaminated with residual magic.
Nothing appears to happen.
Casting: Mephitic Cloud (astonishingly dangerous; 36% risk of failure)
Confirm with . or Enter, or press ? or * to list all spells.
The spell is astonishingly dangerous to miscast (36% risk of failure)!
Continue anyway?
Aiming: Mephitic Cloud (astonishingly dangerous; 36% risk of failure)
Press: ? - help, Shift-Dir - straight line, f/p - Ijyb
Aim: Ijyb, wielding a +0 club, wearing a +0 leather armour and carrying a wand of iceblast (9) (chance to affect: 86%)
You miscast Mephitic Cloud.
Nothing appears to happen.
Ijyb hits you with a +0 club.
Ijyb is nearby!
Casting: Mephitic Cloud (astonishingly dangerous; 36% risk of failure)
Confirm with . or Enter, or press ? or * to list all spells.
The spell is astonishingly dangerous to miscast (36% risk of failure)!
Continue anyway?
Aiming: Mephitic Cloud (astonishingly dangerous; 36% risk of failure)
Press: ? - help, Shift-Dir - straight line, f/p - Ijyb
Aim: Ijyb, wielding a +0 club, wearing a +0 leather armour and carrying a wand of iceblast (9) (chance to affect: 86%)
You miscast Mephitic Cloud.
Nothing appears to happen.
Ijyb barely misses you.
Ijyb is nearby!
Casting: Mephitic Cloud (astonishingly dangerous; 36% risk of failure)
Confirm with . or Enter, or press ? or * to list all spells.
You don't have enough magic to cast this spell.
Ijyb is nearby!
You closely miss Ijyb. Ijyb hits you with a +0 club.
Ijyb attacks as you move away! Ijyb hits you with a +0 club.
Ijyb zaps a wand.
The mass of ice explodes!
The iceblast engulfs you!
Ouch! That really hurt!
You die...

####....### ###..
##......###....
###..##.#...#....
###...###.###...... #...###
#.###..<... #.### #.....#....
#.# #####..#....
#############.######.......(###
#...........g.@......######.###
#.........###.######## #....
#.........##..# ####.
#............## ##
#)........#### #.........#
#.........# ###########


You could see Ijyb.

Vanquished Creatures
  3 adders
  A worm (D:2)
  An orc (D:3)
  6 ball pythons
  5 bats
  5 endoplasms
  4 hobgoblins
  2 kobolds
  A frilled lizard (D:1)
  2 goblins
  6 rats
36 creatures vanquished.

Notes
Turn   | Place    | Note
-------+----------+-------------------------------------------
     0 | D:1      | pokeman the Deep Elf Hedge Wizard began the quest for the
                  | Orb.
     0 | D:1      | Reached XP level 1. HP: 10/10 MP: 7/7
   282 | D:1      | Reached XP level 2. HP: 15/15 MP: 3/9
   544 | D:1      | Found a faded altar of an unknown god.
  1224 | D:2      | Reached skill level 5 in Spellcasting
  1440 | D:2      | Reached XP level 3. HP: 20/20 MP: 9/11
  1444 | D:2      | Learned a level 3 spell: Mephitic Cloud
  1447 | D:2      | Learned a level 2 spell: Call Imp
  1450 | D:2      | Learned a level 2 spell: Blink
  1751 | D:3      | Reached skill level 1 in Fighting
  1751 | D:3      | Reached skill level 1 in Armour
  1869 | D:3      | Noticed Ijyb
  2090 | D:2      | Killed from afar by Ijyb

Illustrated notes

Levels and vault maps discovered:
D:1:      minmay_arrival_four_loops, layout_basic,
          shapermc_ecumenical_altar_notcrosses, minmay_indecisive_spiral
D:2:      layout_rooms
D:3:      layout_basic, mainiacjoe_overflow_alcove_4,
          nicolae_overflow_crystal_walls, minmay_misc_feat_cross, uniq_grinder,
          uniq_ijyb, uniq_natasha

Skill      XL: |  1  2  3 |
---------------+----------+-----
Spellcasting   | 5 |  5.4
Fighting       | 1 |  1.0
Armour         | 1 |  1.0
Conjurations   | 2 |  2.0
Dodging        | |  2.5
Stealth        | |  2.5
Summonings     | |  1.1
Translocations | |  1.1

Action                   || total
-------------------------++-------
Melee: Dagger            ||    14
 Cast: Magic Dart        ||    83
       Mephitic Cloud    ||     1
 Stab: Sleeping          ||     1
Armor: Leather armour    ||     3
Dodge: Dodged            ||    13
